 Dungeon Crawl Stone Soup version 0.30.1-9-gdf580d7c3d (webtiles) character file.

Game seed: 6182562832173253963

1459359 jfcaron the Shatterer (level 27, 243/243 HPs)
             Began as a Gnoll Artificer on May 28, 2023.
             Was an Initiate of Gozag.
             Escaped with the Orb
             ... and 3 runes on Oct 20, 2023!
             The game lasted 06:57:13 (91792 turns).

jfcaron the Shatterer (Gnoll Artificer)            Turns: 91792, Time: 06:57:13

Health: 243/243    AC: 26    Str: 27    XL:     27
Magic:  45/45      EV: 37    Int: 13    God:    Gozag
Gold:   3528       SH: 31    Dex: 22    Spells: 7/63 levels left

rFire   + . .        a - +9 demon trident (spect)
rCold   + + .        N - +8 tower shield {AC+3}
rNeg    . . .        o - +4 skin of Zhor {*Englaciate rC+++ SInv}
rPois   +            X - +4 hat of Daisies {Str+5 Int+2}
rElec   +            w - +4 dragonskin cloak
rCorr   .            j - +0 pair of gloves "Lego" {Will+ Int-4 SInv Stlth+}
SInv    +            A - +2 pair of boots "Keubbune" {Rampage rPois}
Will    +++..        W - amulet "Innuse" {Spirit Contam Dex+8}
Stlth   +++          U - ring of the Spinneret {rElec rF+ Str+2 Stlth+}
HPRegen 0.60/turn    m - ring of the Hare {EV+10}
MPRegen 0.29/turn

%: clarity, guardian spirit, rampage
@: studying Maces & Flails, bribing [the Dungeon, the Realm of Zot, the Depths]
A: fangs 1, strong nose, distributed training, clarity, mutation resistance 1,
robust 1, cold vulnerability 1
0: Orb of Zot
}: 3/15 runes: serpentine, barnacled, silver
a: Renounce Religion, Potion Petition, Call Merchant, Bribe Branch


You escaped.
You worshipped Gozag.
Gozag was most pleased with you.
You visited 10 branches of the dungeon, and saw 50 of its levels.
You visited 1 bazaar.
You also visited: Sewer, Bailey, Ice Cave and Wizlab.

You collected 35100 gold pieces.
You spent 7552 gold pieces at shops.
You paid 24020 gold pieces to Gozag.

Inventory:

Hand Weapons
 a - a +9 spectral demon trident (weapon)
   (You took it off a hell knight on level 4 of the Vaults)
 b - the +7 captain's cutlass {speed, disarm}
   (You took it off a necromancer on level 5 of the Vaults)
Missiles
 v - 6 datura-tipped darts (quivered) {!f}
 E - 7 atropa-tipped darts {!f}
 F - 14 javelins {!f}
 M - 14 silver javelins {!f}
 S - 8 curare-tipped darts {!f}
 V - 6 throwing nets {!f}
 Y - 4 boomerangs of dispersal {!f}
Armour
 j - the +0 pair of gloves "Lego" (worn) {Will+ Int-4 SInv Stlth+}
   (You found it on level 1 of the Orcish Mines)

   Int:       It affects your intelligence (-4).
   SInv:      It lets you see invisible.
   Will:      It increases your willpower.
   Stlth:     It makes you more stealthy.
 o - the +4 skin of Zhor (worn) {*Englaciate rC+++ SInv}
   (You found it in an ice cave)

   *Englaciate: It radiates cold, occasionally slowing all nearby creatures who
   are not resistant to cold.
   rC:        It renders you almost immune to cold.
   SInv:      It lets you see invisible.
 w - the +4 dragonskin cloak (worn)
   (You took it off Tiamat on level 2 of the Realm of Zot)

   Avatar's Aegis: It grants the wearer a chance to resist fire, cold, poison,
   electricity, acid, and negative energy.
 A - the +2 pair of boots "Keubbune" (worn) {Rampage rPois}
   (You acquired it on level 4 of the Dungeon)

   rPois:     It protects you from poison.
   Rampage:   It bestows one free step when moving towards enemies.
 N - a +8 tower shield of protection (worn)
   (You took it off a naga warrior on level 4 of the Snake Pit)
 X - the +4 hat of Daisies (worn) {Str+5 Int+2}
   (You bought it in a shop on level 1 of the Elven Halls)

   Str:       It affects your strength (+5).
   Int:       It affects your intelligence (+2).
Jewellery
 m - the ring of the Hare (right hand) {EV+10}
   (You took it off a deep elf death mage on level 3 of the Elven Halls)

   [ring of evasion]

   EV:        It affects your evasion (+10).
 D - the ring of Azxenuim {rPois rF+ Will+}
   (You bought it in a shop in a bazaar)

   [ring of protection from fire]

   rF:        It protects you from fire.
   rPois:     It protects you from poison.
   Will:      It increases your willpower.
 T - the ring of the Prince {rC- Str+6 Slay+5}
   (You found it on level 2 of the Crypt)

   [ring of strength]

   Str:       It affects your strength (+6).
   Slay:      It affects your accuracy & damage with ranged weapons and melee
   (+5).
   rC:        It makes you vulnerable to cold.
 U - the ring of the Spinneret (left hand) {rElec rF+ Str+2 Stlth+}
   (You acquired it on level 10 of the Dungeon)

   [ring of protection from fire]

   Str:       It affects your strength (+2).
   rF:        It protects you from fire.
   rElec:     It insulates you from electricity.
   Stlth:     It makes you more stealthy.
 W - the amulet "Innuse" (around neck) {Spirit Contam Dex+8}
   (You found it in an ice cave)

   [amulet of guardian spirit]

   It causes incoming damage to be divided between your reserves of health and
   magic.
   Dex:       It affects your dexterity (+8).
   Contam:    It causes magical contamination when unequipped.
Wands
 d - a wand of charming (36)
 f - a wand of digging (15)
   (You found it on level 12 of the Dungeon)
 H - a wand of iceblast (80)
   (You found it on level 5 of the Lair of Beasts)
 J - a wand of light (21)
   (You found it on level 5 of the Dungeon)
 P - a wand of mindburst (53)
   (You found it in an ice cave)
Scrolls
 c - a scroll of silence
 k - 3 scrolls of summoning
 l - 13 scrolls of fog
 x - 10 scrolls of fear
 y - 18 scrolls of teleportation
 I - 7 scrolls of immolation
 L - 3 scrolls of magic mapping
 Q - 11 scrolls of blinking
Potions
 h - 35 potions of curing
 i - 8 potions of flight
 n - 2 potions of ambrosia
 p - 6 potions of mutation
 q - 9 potions of magic
 r - 10 potions of heal wounds
 s - 8 potions of lignification
 t - 8 potions of invisibility
 u - 15 potions of attraction
 z - 5 potions of haste
 B - 5 potions of might
 C - 3 potions of berserk rage
 K - 5 potions of cancellation
 O - 3 potions of resistance
 R - 7 potions of brilliance
Miscellaneous
 e - a condenser vane
   (You found it in an ice cave)
 g - a phantom mirror
   (You found it on level 4 of the Lair of Beasts)
 G - a lightning rod (4/4)
   (You found it on level 1 of the Snake Pit)
 Z - a box of beasts
   (You found it on level 3 of the Lair of Beasts)


   Skills:
 + Level 19.1 Fighting
 + Level 18.9 Short Blades
 + Level 18.9 Long Blades
 + Level 18.9 Axes
 + Level 22.5 Maces & Flails
 + Level 18.9 Polearms
 + Level 18.9 Staves
 + Level 18.9 Ranged Weapons
 + Level 18.9 Throwing
 + Level 19.4 Armour
 + Level 19.1 Dodging
 + Level 19.0 Stealth
 + Level 18.9 Shields
 + Level 18.9 Unarmed Combat
 + Level 18.9 Spellcasting
 + Level 16.1 Conjurations
 + Level 16.1 Hexes
 + Level 16.1 Summonings
 + Level 16.1 Necromancy
 + Level 16.1 Translocations
 + Level 16.1 Transmutations
 + Level 16.1 Fire Magic
 + Level 16.1 Ice Magic
 + Level 16.1 Air Magic
 + Level 16.1 Earth Magic
 + Level 16.1 Poison Magic
 + Level 20.4 Invocations
 + Level 19.8 Evocations


You had 7 spell levels left.
You knew the following spells:

 Your Spells              Type           Power      Damage    Failure   Level
a - Apportation           Tloc           100%       N/A       0%          1
b - Passwall              Tmut/Erth      44%        N/A       0%          2
c - Cause Fear            Hex            26%        N/A       1%          4
d - Vhi's Electric Charg  Tloc/Air       100%       N/A       1%          3
e - Summon Lightning Spi  Summ/Air       53%        N/A       1%          4
f - Blink                 Tloc           100%       N/A       0%          2
g - Manifold Assault      Tloc           53%        N/A       1%          4
h - Freezing Cloud        Conj/Ice/Air   26%        6-21      1%          5
i - Dispel Undead         Necr           53%        3d19      1%          4
j - Lee's Rapid Deconstr  Erth           26%        3d14*     1%          5
k - Iron Shot             Conj/Erth      26%        9d6       1%          6
l - Summon Mana Viper     Hex/Summ       53%        N/A       1%          5
m - Plasma Beam           Fire/Air       26%        2x1d42    1%          6
n - Yara's Violent Unrav  Hex/Tmut       26%        3d11      1%          5

Your spell library contained the following spells:

 Spells                   Type           Power      Damage    Failure   Level
 Beastly Appendage        Tmut           100%       N/A       0%          1
 Foxfire                  Conj/Fire      100%       2x1d9     0%          1
 Freeze                   Ice            100%       1d10      0%          1
 Kiss of Death            Conj/Necr      100%       2d13      0%          1
 Magic Dart               Conj           100%       1d8       0%          1
 Necrotise                Necr           100%       1d9       0%          1
 Sandblast                Erth           100%       2d20      0%          1
 Shock                    Conj/Air       100%       1d9       0%          1
 Slow                     Hex            100%       N/A       0%          1
 Summon Small Mammal      Summ           100%       N/A       0%          1
 Call Imp                 Summ           100%       N/A       0%          2
 Cigotuvi's Dreadful Rot  Necr/Pois/Air  100%       N/A       0%          2
 Ensorcelled Hibernation  Hex/Ice        100%       N/A       0%          2
 Lesser Beckoning         Tloc           100%       N/A       0%          2
 Momentum Strike          Conj/Tloc      100%       3d10      0%          2
 Poisonous Vapours        Pois/Air       100%       N/A       0%          2
 Searing Ray              Conj           100%       2d8       0%          2
 Static Discharge         Conj/Air       100%       2-7/arc   0%          2
 Sublimation of Blood     Necr           53%        N/A       0%          2
 Wereblood                Tmut           53%        N/A       0%          2
 Call Canine Familiar     Summ           53%        N/A       1%          3
 Confusing Touch          Hex            53%        N/A       1%          3
 Dazzling Flash           Conj/Hex       100%       N/A       1%          3
 Frozen Ramparts          Ice            100%       1d16      1%          3
 Gell's Gravitas          Tloc           53%        N/A       1%          3
 Hailstorm                Conj/Ice       53%        3d12      1%          3
 Ignite Poison            Fire/Tmut/Pois 53%        N/A       1%          3
 Portal Projectile        Hex/Tloc       100%       N/A       1%          3
 Spider Form              Tmut/Pois      53%        N/A       1%          3
 Stone Arrow              Conj/Erth      100%       3d13      1%          3
 Summon Guardian Golem    Hex/Summ       53%        N/A       1%          3
 Swiftness                Air            53%        N/A       1%          3
 Teleport Other           Tloc           53%        N/A       1%          3
 Vampiric Draining        Necr           53%        2d9       1%          3
 Volatile Blastmotes      Fire/Tloc      100%       2d18      1%          3
 Airstrike                Air            26%        2d(4-20)  1%          4
 Anguish                  Hex/Necr       26%        N/A       1%          4
 Animate Armour           Summ/Erth      100%       N/A       1%          4
 Fulminant Prism          Conj/Hex       26%        3d14      1%          4
 Ice Form                 Ice/Tmut       53%        N/A       1%          4
 Iskenderun's Mystic Bla  Conj/Tloc      53%        2d11      1%          4
 Leda's Liquefaction      Hex/Erth       26%        N/A       1%          4
 Olgreb's Toxic Radiance  Pois           53%        N/A       1%          4
 Petrify                  Tmut/Erth      53%        N/A       1%          4
 Sticky Flame             Conj/Fire      53%        2d7       1%          4
 Summon Ice Beast         Ice/Summ       53%        N/A       1%          4
 Agony                    Necr           53%        N/A       1%          5
 Alistair's Intoxication  Tmut/Pois      35%        N/A       1%          5
 Arcjolt                  Conj/Air       26%        1d36      1%          5
 Blade Hands              Tmut           26%        N/A       1%          5
 Irradiate                Conj/Tmut      26%        3d20      1%          5
 Iskenderun's Battlesphe  Conj           53%        2d10      1%          5
 Metabolic Englaciation   Hex/Ice        26%        N/A       1%          5
 Conjure Ball Lightning   Conj/Air       26%        3x3d7     1%          6
 Death Channel            Necr           26%        N/A       1%          6
 Dispersal                Tloc           26%        N/A       1%          6
 Starburst                Conj/Fire      26%        6d8       1%          6
 Statue Form              Tmut/Erth      35%        N/A       1%          6
 Summon Cactus Giant      Summ           26%        N/A       1%          6
 Enfeeble                 Hex            26%        N/A       9%          7
 Malign Gateway           Summ/Tloc      26%        N/A       9%          7
 Monstrous Menagerie      Summ           26%        N/A       9%          7
 Ozocubu's Refrigeration  Ice            26%        4d13      9%          7
 Spellforged Servitor     Conj/Summ      26%        N/A       9%          7
 Storm Form               Tmut/Air       26%        N/A       9%          7
 Borgnjor's Revivificati  Necr           26%        N/A       54%         8
 Discord                  Hex            26%        N/A       54%         8
 Disjunction              Tloc           26%        N/A       54%         8
 Ignition                 Fire           26%        3d9       54%         8
 Lehudib's Crystal Spear  Conj/Erth      26%        10d7      54%         8
 Maxwell's Capacitive Co  Air            26%        ∞         54%         8
 Necromutation            Tmut/Necr      26%        N/A       54%         8
 Death's Door             Necr           26%        N/A       100%        9
 Fire Storm               Conj/Fire      26%        8d7       100%        9
 Shatter                  Erth           26%        3d22*     100%        9
 Simulacrum               Ice/Necr       Unusable   N/A       N/A         6

Dungeon Overview and Level Annotations

Branches:
Dungeon (15/15)            Temple (0/1) D:7            Lair (5/5) D:11
 Shoals (4/4) Lair:3        Snake (4/4) Lair:2        Slime (0/5) Lair:5
    Orc (2/2) D:11            Elf (3/3) Orc:2        Vaults (5/5) D:14
  Crypt (3/3) Vaults:2       Tomb (0/3) Crypt:3      Depths (4/4) D:15
    Zot (5/5) Depths:4      Sewer (visited)          Bailey (visited)
  IceCv (visited)          WizLab (visited)

Altars:
Ashenzari
Fedhas
Gozag
Kikubaaqudgha
Makhleb
Okawaru
Qazlal
Uskayaw
The Shining One
Jiyva

Shops:
D:7 *   D:10 *   Orc:2 *[(?   Elf:1 (:[:   Snake:4 ==:   Vaults:1 ?
Vaults:3 (   Depths:3 *

Portals:
Hell: Depths:1 Depths:2 Depths:3 Depths:4
Abyss: Depths:3 Depths:4
Pandemonium: Depths:1 Depths:2
Ziggurat: Depths:2


Innate Abilities, Weirdness & Mutations

You have very sharp teeth.
Your uncanny sense of smell can sniff out nearby items.
Your experience applies equally to all skills.
You possess an exceptional clarity of mind.
You are somewhat resistant to further mutation.
You are robust. (+10% HP)
You are vulnerable to cold. (rC-)


Message History

Confirm with . or Enter, or press ? or * to list all spells.
Aiming: Iron Shot (mildly dangerous; 1% risk of failure)
Press: ? - help, Shift-Dir - straight line, f/p - soul eater
Aim: a soul eater (moderately wounded, 71% to hit)
The iron shot hits the soul eater!
The soul eater is moderately wounded.
You reach to attack!
You hit the soul eater but do no damage.
The soul eater is moderately wounded.
Your +9 spectral demon trident hits the soul eater!!
You radiate an aura of cold.
Your +9 spectral demon trident is unaffected.
The soul eater is unaffected.
You could not reach far enough!
Your +9 spectral demon trident disappears.
You hit the soul eater but do no damage.
The soul eater is severely wounded.
Your +9 spectral demon trident hits the soul eater from afar!
You puncture the soul eater!
You kill the soul eater!
Your +9 spectral demon trident disappears.
(D) Dungeon (T) Temple (L) Lair (A) Shoals (P) Snake Pit (M) Slime Pits (O) Orcish Mines (E) Elven Halls (V) Vaults (C) Crypt (W) Tomb (U) Depths (H) Hell (Z) Zot
Where to? (Enter - D:1 @ (x,y), ? - help)
There is a stone staircase leading up here.
There is a stone staircase leading up here.
You climb upwards.
There is a stone staircase leading down here.
You see here a +0 short sword.
There is a stone staircase leading up here.
You climb upwards.
There is a stone staircase leading down here.
There is an escape hatch in the ceiling here.
A mysterious force pulls you upwards. The hatch slams shut behind you.
The komodo dragon hisses angrily.
The ettin shouts in stereo!
Magic restored.
There is a staircase leading out of the dungeon here.
You have escaped!

###.8.......8.####### #
#...............# ##
#.8..#######..8.# .##
#....#lawCr#....# #.##
#.8..#######..8.#
##.###...............#
##................###
####....##########
###........@#
###################
############.............#
.............#############
##############


There were no monsters in sight!

Vanquished Creatures
  Tiamat (Zot:2)
  4 dread liches
  8 orbs of fire
  8 ancient liches
  Sojobo (Depths:4)
  The ghost of Atisk the Conqueror, a master MfBe of Trog (Zot:2)
  Bai Suzhen (Depths:1)
  Vv (Crypt:2)
  6 Killer Klowns
  Xtahua (Depths:3)
  Margery (Vaults:4)
  Vashnia (Snake:4)
  A curse toe (Zot:2)
  11 golden dragons
  Nikola (Shoals:1)
  A bone dragon (Crypt:3)
  Jorgrun (Snake:3)
  Rupert (D:15)
  5 electric golems
  A hellephant (Depths:3)
  Zenata (Elf:1)
  15 tentacled monstrosities
  26 Orb Guardians
  3 liches
  3 deep elf blademasters
  5 quicksilver dragons
  A walking frostbound tome (WizLab)
  Asterion (Snake:2)
  2 deep elf master archers (Elf:3)
  7 titans (Vaults:5)
  6 death cobs
  12 ancient champions
  Polyphemus (Shoals:2)
  Frances (D:12)
  Kirke (D:15)
  3 sphinxes (Vaults:5)
  5 tengu reavers
  12 storm dragons
  2 strange machines (WizLab)
  Donald (Shoals:4)
  12 shadow dragons
  The ghost of Yjimoseergh the Spry, an adept SpFE of Dithmenos (Vaults:4)
  4 revenants
  8 draconian monks
  The ghost of Kiorry the Cloud Mage, an adept TeAE of Vehumet (Shoals:3)
  4 nagarajas
  Aizul (Snake:1)
  3 balrugs
  5 fire giants
  Ilsuiw (Shoals:2)
  4 draconian knights
  12 frost giants
  14 vault wardens
  14 draconian scorchers
  7 draconian shifters
  Louise (Depths:3)
  2 iron dragons
  2 ghost moths
  8 deep elf sorcerers
  4 deep elf elementalists
  2 curse skulls
  9 ghouls
  5 orc warlords
  A juggernaut zombie (Crypt:3)
  3 draconian stormcallers
  17 ironbound preservers
  3 caustic shrike skeletons (Crypt:3)
  40 very ugly things
  3 cacodemons (Crypt:2)
  10 draconian annihilators
  8 ironbound thunderhulks
  2 war gargoyles
  17 stone giants
  A quicksilver ooze (shapeshifter) (Vaults:5)
  9 vampire knights
  A spriggan defender (Depths:2)
  2 reapers (Crypt:2)
  3 deep elf demonologists
  The ghost of Rangus the Fighter, a journeyman DgAE (Orc:1)
  14 green draconians
  13 yellow draconians
  17 dire elephants
  13 purple draconians
  7 deep elf annihilators
  4 spark wasps (Depths:2)
  11 black draconians
  12 white draconians
  19 red draconians
  6 eidola
  A quicksilver dragon zombie (Crypt:2)
  A green death (Depths:2)
  11 ettins
  A crystal guardian (Vaults:3)
  8 deep elf death magi
  3 entropy weavers
  Josephine (Lair:5)
  8 merfolk impalers
  4 jiangshi
  5 fire dragons
  7 great orbs of eyes
  16 yaktaur captains
  A fenstrider witch zombie (Crypt:1)
  3 deep elf high priests
  8 hydras
  The ghost of Kazon the Ripper, a journeyman FeBe of Trog (Orc:2)
  Erolcha (Orc:1)
  2 peacekeepers
  4 spriggan skeletons
  8 ice dragons
  9 rakshasas
  32 vault guards
  A hydra (shapeshifter) (Vaults:5)
  8 ironbound frosthearts
  An anaconda (shapeshifter) (Vaults:5)
  2 spriggan air magi
  An ice dragon (shapeshifter) (Vaults:5)
  A radroach (shapeshifter) (Vaults:5)
  3 salamander tyrants
  8 centaur warriors
  4 merfolk avatars
  A bennu zombie (Crypt:1)
  12 anacondas
  4 merfolk aquamancers
  16 two-headed ogres
  5 ogre magi
  2 death knights (Crypt:1)
  4 fenstrider witch skeletons
  2 alligator snapping turtles
  4 deep troll earth magi
  9 boulder beetles
  3 satyrs
  31 dancing weapons
  A catoblepas (Shoals:2)
  Urug (D:11)
  7 deep troll shamans
  A tengu warrior (Depths:1)
  10 naga warriors
  12 naga sharpshooters
  11 death yaks
  5 hell knights
  3 vampire magi
  A soul eater (D:4)
  2 spriggan berserkers
  4 orc high priests (Orc:2)
  5 shock serpents
  10 deep elf knights
  5 titan skeletons (Crypt:3)
  3 shadow wraiths
  Nergalle (D:10)
  6 skysharks
  4 salamander mystics
  7 iron trolls
  A shadow demon (Depths:1)
  32 skeletal warriors
  11 sea snakes
  2 orb spiders (shapeshifter)
  2 bog bodies
  17 deep elf archers
  3 flayed ghosts (Crypt:2)
  8 naga ritualists
  2 glowing orange brains
  62 deep trolls
  6 wizards
  A tengu zombie (Vaults:3)
  6 lindwurms
  10 necromancers
  A fire giant zombie (Vaults:3)
  A lindwurm (shapeshifter) (Depths:3)
  22 deep elf pyromancers
  3 wolf spiders (Lair:5)
  17 orc knights
  An anaconda skeleton (Crypt:3)
  17 harpies
  16 phantasmal warriors
  15 ironbound convokers
  A shadow dragon skeleton (Vaults:3)
  10 mana vipers
  5 orc sorcerers
  22 deep elf zephyrmancers
  10 cyclopes
  18 manticores
  62 ugly things
  A cyclops (shapeshifter) (Depths:2)
  11 fauns
  A stone giant zombie (D:15)
  28 salamanders
  33 moths of wrath
  5 water nymphs
  2 fire giant skeletons
  7 elephants
  A black mamba (shapeshifter) (Vaults:5)
  34 slime creatures
  A torpor snail (Lair:5)
  5 guardian serpents
  15 vault sentinels
  A draconian skeleton (Crypt:3)
  2 smoke demons
  An ice statue (IceCv)
  17 cane toads
  17 naga magi
  A stone giant skeleton (Crypt:3)
  13 merfolk sirens
  A centaur skeleton (Crypt:3)
  46 black mambas
  A frost giant skeleton (D:15)
  3 dire elephant skeletons
  An orb spider zombie (Crypt:1)
  2 unseen horrors (D:11)
  3 orange demons
  A yaktaur zombie (Vaults:4)
  8 rime drakes
  2 hellions (Zot:2)
  A komodo dragon (shapeshifter) (D:13)
  A freezing wraith (Crypt:1)
  6 komodo dragons
  26 yaktaurs
  A steelbarb worm zombie (Crypt:2)
  2 kobold demonologists
  27 merfolk
  A yaktaur skeleton (Vaults:4)
  An ice devil (Depths:1)
  A death yak skeleton (Crypt:3)
  A polar bear (shapeshifter) (Elf:3)
  An unseen horror skeleton (Crypt:2)
  2 tengu conjurers
  Grinder (D:5)
  A red devil (Depths:2)
  A mana viper zombie (Crypt:3)
  21 polar bears
  A harpy zombie (Crypt:3)
  7 wind drakes
  3 meliai (D:13)
  3 hornets
  9 trolls
  A hellwing (Depths:2)
  3 blink frogs (Lair:2)
  A tarantella (Vaults:4)
  A harpy skeleton (Crypt:3)
  2 hydra skeletons (Crypt:3)
  A shadow dragon simulacrum (Crypt:2)
  A tyrant leech (Shoals:2)
  3 raiju (Lair:5)
  7 snapping turtles
  A dream sheep (shapeshifter) (Depths:4)
  2 dream sheep (Shoals:3)
  3 centaur simulacra
  2 air elementals
  A culicivora (Vaults:4)
  6 flying skulls
  5 large abominations (Elf:1)
  Sigmund (D:6)
  18 wyverns
  12 wraiths
  2 fire bats (Depths:2)
  13 water elementals
  A shadow (D:12)
  4 fire elementals
  7 small abominations (Elf:1)
  6 hogs (D:15)
  A human (shapeshifter) (Vaults:5)
  8 basilisks
  A steam dragon (D:12)
  37 yaks
  A black mamba skeleton (Crypt:3)
  7 vampire mosquitoes
  5 neqoxecs (Orc:2)
  A chaos spawn (Depths:1)
  5 redbacks
  10 wargs
  An entropy weaver zombie (Crypt:1)
  A naga zombie (Crypt:3)
  12 hell hounds (Lair:5)
  50 nagas
  A two-headed ogre skeleton (Crypt:1)
  15 water moccasins
  A fire bat skeleton (Crypt:3)
  A naga skeleton (Crypt:3)
  A sky beast (D:7)
  A black bear (shapeshifter) (Vaults:5)
  2 ice beasts
  A floating eye (Vaults:4)
  32 orc warriors
  An ice beast (shapeshifter) (D:15)
  A sky beast (shapeshifter) (Depths:2)
  13 black bears
  A cane toad skeleton (Crypt:2)
  16 ogres
  37 wolves
  A boggart (Elf:1)
  13 centaurs
  An elf simulacrum (Vaults:3)
  4 kobold brigands
  A fire crab zombie (Crypt:3)
  11 bullfrogs
  An elf zombie (Crypt:2)
  3 necrophages
  An earth elemental (Elf:2)
  A gnoll sergeant (D:8)
  A salamander skeleton (Crypt:1)
  A water moccasin zombie (Crypt:2)
  30 wights
  3 killer bees (D:8)
  A warg skeleton (Crypt:2)
  A tengu skeleton (D:15)
  5 howler monkeys
  3 electric eels (D:10)
  A lava snake (D:8)
  4 quasits (Orc:2)
  A basilisk zombie (Crypt:1)
  A human simulacrum (Vaults:4)
  30 orc priests
  A gnoll bouda (D:5)
  2 hounds
  A sleepcap (D:6)
  4 jellies
  Jessica (D:2)
  7 iguanas
  Terence (D:3)
  5 hell rats
  24 orc wizards
  Natasha (thrice) (D:2)
  An ogre zombie (Crypt:2)
  13 gnolls
  6 adders
  6 river rats
  2 shadow imps
  A swamp drake skeleton (Crypt:3)
  4 white imps
  3 ufetubi
  2 worms (D:2)
  3 dart slugs
  85 orcs
  4 bats
  9 endoplasms
  2 giant cockroaches
  6 goblins
  8 hobgoblins
  3 jackals (D:1)
  42 kobolds
  4 quokkas
  9 ball pythons
  8 frilled lizards
  A frilled lizard zombie (Crypt:3)
  11 rats
  46 spectral weapons
2462 creatures vanquished.

Notes
Turn   | Place    | Note
-------+----------+-------------------------------------------
     0 | D:1      | jfcaron the Gnoll Artificer began the quest for the Orb.
     0 | D:1      | Reached XP level 1. HP: 17/17 MP: 1/1
     6 | D:1      | Noticed a komodo dragon
     6 | D:1      | Noticed an imperial myrmidon
     7 | D:1      | Noticed a hell rat
     7 | D:1      | Noticed an ettin
   184 | D:1      | Reached XP level 2. HP: 19/23 MP: 2/2
   963 | D:2      | Reached XP level 3. HP: 28/28 MP: 3/3
   982 | D:2      | Noticed Natasha
   997 | D:2      | Killed Natasha
   998 | D:2      | Reached skill level 1 in Short Blades
   998 | D:2      | Reached skill level 1 in Long Blades
   998 | D:2      | Reached skill level 1 in Axes
   998 | D:2      | Reached skill level 1 in Maces & Flails
   998 | D:2      | Reached skill level 1 in Polearms
   998 | D:2      | Reached skill level 1 in Staves
   998 | D:2      | Reached skill level 1 in Ranged Weapons
   998 | D:2      | Reached skill level 1 in Throwing
   998 | D:2      | Reached skill level 1 in Shields
   998 | D:2      | Reached skill level 1 in Unarmed Combat
   998 | D:2      | Reached skill level 1 in Spellcasting
   998 | D:2      | Reached skill level 1 in Invocations
  1043 | D:2      | Noticed Natasha
  1054 | D:2      | Killed Natasha
  1055 | D:2      | Reached XP level 4. HP: 34/34 MP: 5/5
  1203 | D:2      | Reached skill level 1 in Conjurations
  1203 | D:2      | Reached skill level 1 in Hexes
  1203 | D:2      | Reached skill level 1 in Summonings
  1203 | D:2      | Reached skill level 1 in Necromancy
  1203 | D:2      | Reached skill level 1 in Translocations
  1203 | D:2      | Reached skill level 1 in Transmutations
  1203 | D:2      | Reached skill level 1 in Fire Magic
  1203 | D:2      | Reached skill level 1 in Ice Magic
  1203 | D:2      | Reached skill level 1 in Air Magic
  1203 | D:2      | Reached skill level 1 in Earth Magic
  1203 | D:2      | Reached skill level 1 in Poison Magic
  1394 | D:2      | Noticed Jessica
  1394 | D:2      | Noticed Natasha
  1409 | D:2      | Killed Natasha
  1410 | D:2      | Reached XP level 5. HP: 29/40 MP: 5/7
  1411 | D:2      | Killed Jessica
  1477 | D:2      | Found an opulent altar of Gozag.
  1501 | D:2      | Became a worshipper of Gozag Ym Sagoz the Greedy
  1572 | D:2      | Found a runed translucent door.
  1573 | D:2      | Noticed Crazy Yiuf
  1641 | D:2      | Crazy Yiuf changed into Crazy Yiuf the kobold
  1641 | D:2      | Noticed Crazy Yiuf
  1642 | D:2      | Killed Crazy Yiuf the kobold
  2146 | D:3      | Noticed Terence
  2151 | D:3      | Killed Terence
  2650 | D:4      | Found a glowing drain.
  2669 | Sewer    | Entered a sewer
  2681 | Sewer    | Reached XP level 6. HP: 47/47 MP: 8/8
  2869 | Sewer    | Reached skill level 5 in Armour
  2964 | Sewer    | Reached skill level 2 in Maces & Flails
  3852 | D:4      | Identified a scroll of acquirement
  3852 | D:4      | Acquired the +2 pair of boots "Keubbune" {Rampage rPois}
  3886 | D:5      | Entered Level 5 of the Dungeon
  3921 | D:5      | Noticed Eustachio
  3925 | D:5      | Eustachio changed into Eustachio the river rat
  3925 | D:5      | Noticed Eustachio
  3933 | D:5      | Killed Eustachio the river rat
  3937 | D:5      | Reached XP level 7. HP: 46/52 MP: 10/10
  4260 | D:5      | Found a broken altar of Ashenzari.
  4436 | D:5      | Noticed Grinder
  4442 | D:5      | Paralysed by Grinder for 2 turns
  4445 | D:5      | Paralysed by Grinder for 4 turns
  4450 | D:5      | Killed Grinder
  4451 | D:5      | Reached skill level 3 in Maces & Flails
  4451 | D:5      | Reached XP level 8. HP: 46/60 MP: 12/12
  5192 | D:6      | Found a blossoming altar of Fedhas.
  5482 | D:6      | Learned a level 1 spell: Apportation
  5485 | D:6      | Learned a level 2 spell: Passwall
  5516 | D:6      | Noticed Sigmund
  5521 | D:6      | Killed Sigmund
  5877 | D:6      | HP: 12/61 [something/puff of flame (2)]
  6016 | D:6      | Found a burning altar of Makhleb.
  6184 | D:7      | Found a staircase to the Ecumenical Temple.
  6229 | D:7      | Reached skill level 4 in Maces & Flails
  6229 | D:7      | Reached XP level 9. HP: 53/67 MP: 12/15
  6535 | D:7      | Reached skill level 5 in Fighting
  6535 | D:7      | Reached skill level 5 in Dodging
  6623 | D:7      | Found Ulelue's Assorted Antiques.
  6626 | D:7      | Bought a green potion for 29 gold pieces
  6804 | D:7      | Bought a scroll of teleportation for 99 gold pieces
  6804 | D:7      | Bought a scroll of teleportation for 99 gold pieces
  6804 | D:7      | Bought a potion of curing for 99 gold pieces
  6885 | D:8      | Reached skill level 5 in Stealth
  6947 | D:8      | Found a flagged portal.
  6975 | Bailey   | Entered a bailey
  7129 | Bailey   | Noticed an orc knight
  7222 | Bailey   | Identified the +3 glaive of Pain and Death {heavy, +Blink
                  | rC+}
  7346 | Bailey   | Reached skill level 5 in Invocations
  7407 | Bailey   | Killed an orc knight
  8318 | D:8      | Reached skill level 5 in Short Blades
  8318 | D:8      | Reached skill level 5 in Long Blades
  8318 | D:8      | Reached skill level 5 in Axes
  8318 | D:8      | Reached skill level 5 in Maces & Flails
  8318 | D:8      | Reached skill level 5 in Polearms
  8318 | D:8      | Reached skill level 5 in Staves
  8318 | D:8      | Reached skill level 5 in Ranged Weapons
  8318 | D:8      | Reached skill level 5 in Throwing
  8318 | D:8      | Reached skill level 5 in Shields
  8318 | D:8      | Reached skill level 5 in Unarmed Combat
  8318 | D:8      | Reached skill level 5 in Spellcasting
  8318 | D:8      | Reached XP level 10. HP: 76/76 MP: 17/17
  8746 | D:8      | Found a hide-covered altar of Uskayaw.
  8816 | D:8      | Found a glowing golden altar of the Shining One.
  8971 | D:9      | Noticed a two-headed ogre
  8986 | D:9      | Killed a two-headed ogre
  9216 | D:9      | You fall into a shaft and drop 2 floors!
  9367 | D:11     | Killed an unseen horror
  9407 | D:11     | Found a staircase to the Orcish Mines.
  9425 | D:10     | Entered Level 10 of the Dungeon
  9437 | D:11     | Reached skill level 6 in Maces & Flails
  9446 | D:11     | Reached skill level 5 in Conjurations
  9446 | D:11     | Reached skill level 5 in Hexes
  9446 | D:11     | Reached skill level 5 in Summonings
  9446 | D:11     | Reached skill level 5 in Necromancy
  9446 | D:11     | Reached skill level 5 in Translocations
  9446 | D:11     | Reached skill level 5 in Transmutations
  9446 | D:11     | Reached skill level 5 in Fire Magic
  9446 | D:11     | Reached skill level 5 in Ice Magic
  9446 | D:11     | Reached skill level 5 in Air Magic
  9446 | D:11     | Reached skill level 5 in Earth Magic
  9446 | D:11     | Reached skill level 5 in Poison Magic
  9454 | D:11     | Reached XP level 11. HP: 67/83 MP: 16/20
  9663 | D:10     | Found Gyrghiom's General Store.
  9717 | D:10     | Bought a scroll of blinking for 112 gold pieces
  9717 | D:10     | Bought a scroll of blinking for 112 gold pieces
  9717 | D:10     | Bought 2 potions of brilliance for 120 gold pieces
  9717 | D:10     | Bought a scroll of teleportation for 45 gold pieces
  9717 | D:10     | Bought a scroll of summoning for 142 gold pieces
  9717 | D:10     | Bought a wand of charming (3) for 108 gold pieces
  9792 | D:9      | Noticed a two-headed ogre
 10223 | D:9      | Killed a two-headed ogre
 10263 | D:9      | Noticed a cyclops
 10318 | D:9      | Killed a cyclops
 10761 | D:10     | Acquired the ring of the Spinneret {rElec rF+ Str+2 Stlth+}
 10766 | D:10     | Found an ancient bone altar of Kikubaaqudgha.
 10865 | D:10     | Found a stormy altar of Qazlal.
 10913 | D:10     | Identified the +10 whip of Ucu Vifi {chaos, *Corrode rF+
                  | rN++}
 11015 | D:10     | Noticed Nergalle
 11038 | D:10     | Killed Nergalle
 11425 | D:11     | Noticed a green ugly thing
 11426 | D:11     | Noticed a red ugly thing
 11438 | D:11     | Killed a red ugly thing
 11443 | D:11     | Killed a red ugly thing
 11687 | D:11     | Reached skill level 7 in Maces & Flails
 11776 | D:11     | Identified the +3 ring mail of the Carved Hot Ocelot {Drain
                  | rF- rC+++ Dex+3}
 11801 | D:11     | Found a staircase to the Lair.
 11804 | D:11     | Noticed a death yak
 11805 | D:11     | Noticed a death yak
 11815 | D:11     | Noticed a death yak
 11824 | D:10     | Killed a death yak
 11831 | D:10     | Killed a death yak
 11832 | D:10     | Reached XP level 12. HP: 65/92 MP: 16/22
 11955 | D:11     | Noticed Urug
 11966 | D:11     | Killed Urug
 12280 | Orc:1    | Entered Level 1 of the Orcish Mines
 12291 | Orc:1    | Noticed Erolcha
 12319 | Orc:1    | Killed Erolcha
 12377 | Orc:1    | Found a runed translucent door.
 12379 | Orc:1    | Noticed a balrug
 12429 | Orc:1    | Noticed an ettin
 12437 | Orc:1    | Noticed an ogre mage
 12438 | Orc:1    | Noticed a two-headed ogre
 12439 | Orc:1    | Noticed an ettin
 12439 | Orc:1    | Noticed Rangus's ghost (journeyman DgAE)
 12440 | Orc:1    | Found a transporter.
 12445 | Orc:1    | Found a frozen archway.
 12459 | IceCv    | Entered an ice cave
 12478 | IceCv    | Reached skill level 10 in Evocations
 13489 | IceCv    | Noticed a death yak
 13489 | IceCv    | Noticed a death yak
 13491 | IceCv    | Noticed a death yak
 13500 | IceCv    | Killed a death yak
 13501 | IceCv    | Reached skill level 8 in Maces & Flails
 13508 | IceCv    | Killed a death yak
 13519 | IceCv    | Killed a death yak
 13705 | IceCv    | Found the +4 skin of Zhor {*Englaciate rC+++ SInv}
 13743 | IceCv    | Noticed a frost giant
 13744 | IceCv    | Noticed a death yak
 13745 | IceCv    | Noticed a death yak
 13767 | IceCv    | Killed a death yak
 13768 | IceCv    | Reached XP level 13. HP: 61/99 MP: 15/25
 13780 | IceCv    | Killed a frost giant
 13943 | IceCv    | Identified the amulet "Innuse" {Spirit Contam Dex+8}
 13946 | IceCv    | Got the Vellum of Stoicism
 14203 | Orc:1    | Killed an ettin
 14284 | Orc:1    | Found a transporter.
 14788 | Orc:1    | Killed Rangus's ghost
 14793 | Orc:1    | Paralysed by an ogre mage for 2 turns
 14821 | Orc:1    | Identified the +0 pair of gloves "Lego" {Will+ Int-4 SInv
                  | Stlth+}
 14950 | Orc:2    | Entered Level 2 of the Orcish Mines
 14950 | Orc:2    | Noticed an orc warlord
 14950 | Orc:2    | Found a staircase to the Elven Halls.
 14982 | Orc:2    | Killed an orc warlord
 15706 | Orc:2    | Noticed Kazon's ghost (journeyman FeBe)
 15713 | Orc:2    | Found a transporter.
 15742 | Orc:2    | Found a transporter.
 15865 | Orc:2    | Reached skill level 10 in Armour
 16208 | Orc:2    | Found Kelurhuest's Assorted Antiques.
 16208 | Orc:2    | Found Ovvepisean's Antique Armour Emporium.
 16209 | Orc:2    | Found Ytramp's Magic Scroll Shoppe.
 16213 | Orc:2    | Found Xaureps's Antique Weapon Shoppe.
 16288 | Orc:2    | Bought a scroll of enchant weapon for 112 gold pieces
 16288 | Orc:2    | Bought a scroll of teleportation for 45 gold pieces
 16288 | Orc:2    | Bought 2 scrolls of teleportation for 90 gold pieces
 16288 | Orc:2    | Bought a scroll of identify for 30 gold pieces
 16288 | Orc:2    | Bought a scroll of enchant weapon for 112 gold pieces
 16292 | Orc:2    | Bought a scroll of identify for 66 gold pieces
 16292 | Orc:2    | Bought a wand of flame (12) for 277 gold pieces
 16292 | Orc:2    | Bought a potion of heal wounds for 165 gold pieces
 16292 | Orc:2    | Bought a potion of curing for 99 gold pieces
 16295 | Orc:2    | Bought a polished ring mail for 279 gold pieces
 16295 | Orc:2    | Identified the +4 ring mail "Unlamoa" {Slay+2} (You bought
                  | it in a shop on level 2 of the Orcish Mines)
 16588 | Orc:2    | Reached skill level 9 in Maces & Flails
 16814 | Orc:2    | Killed Kazon's ghost
 16989 | Lair:1   | Entered Level 1 of the Lair of Beasts
 17184 | Lair:1   | Reached XP level 14. HP: 108/108 MP: 27/27
 17187 | Lair:1   | Reached skill level 10 in Invocations
 17410 | Lair:1   | Learned a level 4 spell: Cause Fear
 17439 | Lair:1   | Identified the +7 flail of the Shouting Mosquito {flame,
                  | rPois Will+ Dex+3 Stlth+}
 17990 | Lair:2   | Acquired 1078 gold pieces
 18011 | Lair:2   | Learned a level 3 spell: Vhi's Electric Charge
 18410 | Lair:2   | Found a staircase to the Snake Pit.
 18785 | Lair:3   | Learned a level 4 spell: Summon Lightning Spire
 18998 | Lair:3   | Found a staircase to the Shoals.
 19494 | Lair:3   | Learned a level 2 spell: Blink
 19499 | Lair:3   | Learned a level 4 spell: Manifold Assault
 19636 | Lair:3   | Reached skill level 10 in Fighting
 19636 | Lair:3   | Reached skill level 10 in Dodging
 20014 | Lair:4   | Reached skill level 10 in Stealth
 21156 | Lair:5   | Entered Level 5 of the Lair of Beasts
 21271 | Lair:5   | Found a staircase to the Slime Pits.
 21274 | Lair:5   | Found a viscous altar of Jiyva.
 21300 | Lair:5   | Noticed Josephine
 21306 | Lair:5   | Killed Josephine
 21829 | Lair:5   | Reached skill level 10 in Short Blades
 21829 | Lair:5   | Reached skill level 10 in Long Blades
 21829 | Lair:5   | Reached skill level 10 in Axes
 21829 | Lair:5   | Reached skill level 10 in Maces & Flails
 21829 | Lair:5   | Reached skill level 10 in Polearms
 21829 | Lair:5   | Reached skill level 10 in Staves
 21829 | Lair:5   | Reached skill level 10 in Ranged Weapons
 21829 | Lair:5   | Reached skill level 10 in Throwing
 21829 | Lair:5   | Reached skill level 10 in Shields
 21829 | Lair:5   | Reached skill level 10 in Unarmed Combat
 21829 | Lair:5   | Reached skill level 10 in Spellcasting
 21990 | Lair:5   | Reached XP level 15. HP: 117/117 MP: 11/29
 23607 | Lair:5   | Identified the +0 robe of Moral Flaws {*Slow rPois Str-4
                  | Dex+7}
 23608 | Lair:5   | Identified the +0 leather armour "Gannok" {rF+ Regen+}
 23832 | D:12     | Noticed Frances
 23843 | D:12     | HP: 23/117 [Frances/iron shot (37)]
 23843 | D:12     | Killed Frances
 23847 | D:12     | HP: 7/117 [centaur warrior/arrow (10)]
 24300 | D:12     | Acquired 679 gold pieces
 25056 | D:12     | Noticed Sonja
 25060 | D:12     | Sonja changed into Sonja the steam dragon
 25060 | D:12     | Noticed Sonja
 25065 | D:12     | Killed Sonja the steam dragon
 27530 | D:14     | Reached XP level 16. HP: 125/125 MP: 30/30
 27810 | D:14     | Reached skill level 11 in Maces & Flails
 27845 | D:14     | Acquired 1060 gold pieces
 28375 | D:14     | Found a gate to the Vaults.
 28912 | D:15     | Entered Level 15 of the Dungeon
 29321 | D:15     | Noticed Kirke
 29351 | D:15     | Killed Kirke
 30107 | D:15     | Identified the +7 plate armour of Impatience {Slay+3}
 30168 | D:15     | Found a staircase to the Depths.
 30207 | D:15     | Identified the +5 ring mail of the Zebra {Harm rN+}
 31097 | D:15     | Noticed Rupert
 31110 | D:15     | Killed Rupert
 31249 | D:15     | Reached XP level 17. HP: 41/133 MP: 10/32
 31642 | D:15     | jfcaron: ??order
 31642 | D:15     | beem: hyperelliptic[1/2]: D:11 -> Lair -> D:12 -> Orc ->
                  | D:15 -> S:3 -> maybe other S:3 -> get both S runes -> maybe
                  | Elf (but not the Elf:3 vault) -> Vaults:4 -> maybe Crypt ->
                  | Depths:4 -> Vaults:5 -> maybe Slime -> Zot ("S" means
                  | Shoals/Snake/Spider/Swamp)
 31756 | Snake:1  | Entered Level 1 of the Snake Pit
 31963 | Snake:1  | Reached skill level 10 in Conjurations
 31963 | Snake:1  | Reached skill level 10 in Hexes
 31963 | Snake:1  | Reached skill level 10 in Summonings
 31963 | Snake:1  | Reached skill level 10 in Necromancy
 31963 | Snake:1  | Reached skill level 10 in Translocations
 31963 | Snake:1  | Reached skill level 10 in Transmutations
 31963 | Snake:1  | Reached skill level 10 in Fire Magic
 31963 | Snake:1  | Reached skill level 10 in Ice Magic
 31963 | Snake:1  | Reached skill level 10 in Air Magic
 31963 | Snake:1  | Reached skill level 10 in Earth Magic
 31963 | Snake:1  | Reached skill level 10 in Poison Magic
 32307 | Snake:1  | Found a glowing golden altar of the Shining One.
 32605 | Snake:1  | Noticed Aizul
 32637 | Snake:1  | Killed Aizul
 32984 | Snake:1  | Reached skill level 12 in Maces & Flails
 33663 | Snake:2  | Noticed Asterion
 33681 | Snake:2  | Killed Asterion
 35576 | Snake:3  | Noticed Jorgrun
 35596 | Snake:3  | Killed Jorgrun
 37107 | Snake:4  | Entered Level 4 of the Snake Pit
 37247 | Snake:4  | Reached XP level 18. HP: 142/142 MP: 27/34
 37291 | Snake:4  | Found Zomighepn's Jewellery Boutique.
 37292 | Snake:4  | Found Omaiss's Book Shoppe.
 37293 | Snake:4  | Found Negrin's Jewellery Boutique.
 39811 | Snake:4  | Got a serpentine rune of Zot
 39826 | Snake:4  | Noticed Vashnia
 39837 | Snake:4  | Killed Vashnia
 40039 | Snake:4  | Bought a Trismegistus Codex for 364 gold pieces
 40045 | Snake:4  | Learned a level 5 spell: Freezing Cloud
 40419 | Shoals:1 | Entered Level 1 of the Shoals
 40420 | Shoals:1 | Noticed Nikola
 40434 | Shoals:1 | Killed Nikola
 40435 | Shoals:1 | Reached skill level 13 in Maces & Flails
 41504 | Shoals:2 | Noticed Polyphemus
 41525 | Shoals:2 | Killed Polyphemus
 41793 | Shoals:2 | Noticed Ilsuiw
 41804 | Shoals:2 | Killed Ilsuiw
 41923 | Shoals:2 | Reached XP level 19. HP: 150/150 MP: 36/36
 43036 | Shoals:3 | Found a runed translucent door.
 43179 | Shoals:3 | Noticed Kiorry's ghost (adept TeAE)
 45014 | Snake:4  | Bought a book of Decay for 420 gold pieces
 45019 | Snake:4  | Learned a level 4 spell: Dispel Undead
 45719 | Shoals:3 | Killed Kiorry's ghost
 45741 | Shoals:4 | Entered Level 4 of the Shoals
 45856 | Shoals:4 | Found a glowing golden altar of the Shining One.
 47015 | Shoals:2 | Reached skill level 15 in Evocations
 47388 | Shoals:4 | Identified the staff of air "Uvix Wududi" {rElec rN+ Str+4
                  | Int-2 Stlth+}
 47650 | Shoals:4 | Got a barnacled rune of Zot
 47683 | Shoals:4 | Noticed Donald
 47704 | Shoals:4 | Killed Donald
 47819 | Shoals:4 | jfcaron: ??order
 47819 | Shoals:4 | beem: hyperelliptic[1/2]: D:11 -> Lair -> D:12 -> Orc ->
                  | D:15 -> S:3 -> maybe other S:3 -> get both S runes -> maybe
                  | Elf (but not the Elf:3 vault) -> Vaults:4 -> maybe Crypt ->
                  | Depths:4 -> Vaults:5 -> maybe Slime -> Zot ("S" means
                  | Shoals/Snake/Spider/Swamp)
 47835 | Shoals:4 | jfcaron: ??brand weapon
 47835 | Shoals:4 | beem: scroll of brand weapon[1/3]: Adds a random brand from
                  | a specific set of brands (see [2]) to a non-artefact
                  | weapon. You can't brand a {magical staff}. Rebranding away
                  | from wielded distortion will prevent a distortion unwield
                  | effect.
 47835 | Shoals:4 | jfcaron: ??brand weapon[2
 47835 | Shoals:4 | beem: scroll of brand weapon[2/3]: Brands melee weapons to:
                  | 13% chance each of flame/freeze/heavy/venom/protection, 7%
                  | of drain/elec/spec/vamp/chaos. Ranged weapons have 21%
                  | chance each of flame/freeze/drain/heavy, 7% of elec/chaos.
                  | Reroll if same as current brand or disliked by your god.
 48079 | Snake:1  | Learned a level 5 spell: Lee's Rapid Deconstruction
 48342 | Elf:1    | Entered Level 1 of the Elven Halls
 48342 | Elf:1    | Noticed Zenata
 48369 | Elf:1    | Killed Zenata
 48808 | Elf:1    | Reached skill level 15 in Invocations
 49271 | Elf:1    | Found Macvikhlapt's Book Shoppe.
 49273 | Elf:1    | Found Axethoz's Book Shoppe.
 49274 | Elf:1    | Found Iddideq's Weapon Shoppe.
 49275 | Elf:1    | Found Rukoas's Antique Armour Shoppe.
 49291 | Elf:1    | Bought a masterwork hat for 270 gold pieces
 49291 | Elf:1    | Identified the +4 hat of Daisies {Str+5 Int+2} (You bought
                  | it in a shop on level 1 of the Elven Halls)
 49306 | Elf:1    | Bought a pair of embroidered boots for 225 gold pieces
 49308 | Elf:1    | Bought a faintly humming scale mail for 270 gold pieces
 49308 | Elf:1    | Identified the +0 scale mail of the Dropbear {Harm +Inv
                  | rC++ Int+3} (You bought it in a shop on level 1 of the
                  | Elven Halls)
 49918 | Elf:1    | Got Hismi's Quarto of Amathomancy and Breath
 50113 | Elf:2    | Reached XP level 20. HP: 159/159 MP: 37/37
 50134 | Elf:2    | Found a runed translucent gate.
 50134 | Elf:2    | Found a runed translucent gate.
 50134 | Elf:2    | Found a runed translucent gate.
 50222 | Elf:2    | Reached skill level 14 in Maces & Flails
 52243 | Elf:3    | Entered Level 3 of the Elven Halls
 52652 | Elf:3    | Reached skill level 15 in Armour
 53567 | Elf:3    | Identified the +3 great sword of Precise Incision {freeze,
                  | rPois Will- Str+2 Int+4}
 53567 | Elf:3    | Identified the ring of the Harvest {rF+ MP+9 Str-3 Dex+3}
 53630 | Elf:3    | Reached skill level 15 in Maces & Flails
 53751 | Elf:3    | Identified the +0 robe of Trial and Error {Harm Int-5
                  | Stlth+}
 54525 | Elf:3    | Identified the ring of Odoek {Fire rCorr}
 54599 | Elf:3    | Got the Thoughts on Support
 54608 | Elf:3    | Got the Compilation of Calling and Assaults
 54616 | Elf:3    | Identified the +7 mace "Earthworm" {antimagic, rF+ rCorr}
 54695 | Elf:3    | jfcaron: ??Ozo
 54695 | Elf:3    | beem: ozocubu[1/2]: Probably some ice mage who came up with
                  | some badass spells.
 54695 | Elf:3    | jfcaron: ??Ozocubu's armour
 54695 | Elf:3    | beem: ozocubu's armour[1/2]: L3 Ice spell that temporarily
                  | gives you more AC. The armour "breaks" if you move or
                  | otherwise change location. The AC bonus is 5 + spellpower *
                  | 8, for a max of 13 at 100 spellpower, with {encumbrance}
                  | reducing the bonus by ER / 2.
 54987 | Vaults:1 | Entered Level 1 of the Vaults
 55040 | Vaults:1 | Reached XP level 21. HP: 152/167 MP: 19/39
 55229 | Vaults:1 | Found Niock's Magic Scroll Shop.
 55232 | Vaults:1 | Bought a scroll of teleportation for 48 gold pieces
 55232 | Vaults:1 | Bought a scroll of blinking for 120 gold pieces
 55232 | Vaults:1 | Bought a scroll of poison for 64 gold pieces
 55232 | Vaults:1 | Bought a scroll of magic mapping for 120 gold pieces
 56049 | Vaults:1 | Reached skill level 15 in Fighting
 56049 | Vaults:1 | Reached skill level 15 in Dodging
 56065 | Vaults:1 | Reached skill level 15 in Stealth
 57137 | Vaults:2 | Found a flickering gateway to a bazaar.
 57155 | Bazaar   | Entered a bazaar
 57155 | Bazaar   | Found Obiurph's Assorted Antiques.
 57161 | Bazaar   | Found Sehov's Weapon Shoppe.
 57178 | Bazaar   | Found Zeevih's Distillery.
 57186 | Bazaar   | Bought a potion of heal wounds for 70 gold pieces
 57186 | Bazaar   | Bought a potion of haste for 140 gold pieces
 57186 | Bazaar   | Bought a potion of curing for 42 gold pieces
 57186 | Bazaar   | Bought a potion of might for 56 gold pieces
 57200 | Bazaar   | Found Horaw's Jewellery Shoppe.
 57204 | Bazaar   | Upgraded the game from 0.30.0-19-g36f170ea60 to
                  | 0.30.0-29-ga12c61a403
 57231 | Bazaar   | Bought a wand of iceblast (3) for 208 gold pieces
 57231 | Bazaar   | Bought a wand of light (4) for 487 gold pieces
 57231 | Bazaar   | Bought a wand of light (5) for 609 gold pieces
 57231 | Bazaar   | Bought a scroll of magic mapping for 217 gold pieces
 57231 | Bazaar   | Bought a scroll of blinking for 217 gold pieces
 57231 | Bazaar   | Bought a wand of flame (13) for 263 gold pieces
 57231 | Bazaar   | Bought a scroll of amnesia for 116 gold pieces
 57236 | Bazaar   | Bought 3 datura-tipped darts for 45 gold pieces
 57252 | Bazaar   | Bought a potion of ambrosia for 112 gold pieces
 57267 | Bazaar   | Bought the ring of Azxenuim {rPois rF+ Will+} for 459 gold
                  | pieces
 57372 | Vaults:2 | Identified the +4 shortbow "Wuxtookk" {heavy, Int+4 Stlth-}
 58016 | Vaults:2 | Identified the +3 great sword "Tearurgh" {flame, SInv}
 58433 | Vaults:2 | Reached skill level 15 in Short Blades
 58433 | Vaults:2 | Reached skill level 15 in Long Blades
 58433 | Vaults:2 | Reached skill level 15 in Axes
 58433 | Vaults:2 | Reached skill level 16 in Maces & Flails
 58433 | Vaults:2 | Reached skill level 15 in Polearms
 58433 | Vaults:2 | Reached skill level 15 in Staves
 58433 | Vaults:2 | Reached skill level 15 in Ranged Weapons
 58433 | Vaults:2 | Reached skill level 15 in Throwing
 58433 | Vaults:2 | Reached skill level 15 in Shields
 58433 | Vaults:2 | Reached skill level 15 in Unarmed Combat
 58433 | Vaults:2 | Reached skill level 15 in Spellcasting
 58931 | Vaults:2 | Paralysed by a great orb of eyes for 4 turns
 59169 | Vaults:2 | Found a staircase to the Crypt.
 60578 | Vaults:3 | Found Soisuv's Weapon Shop.
 60585 | Vaults:3 | Bought 3 stones for 3 gold pieces
 60585 | Vaults:3 | Bought 5 stones for 6 gold pieces
 60585 | Vaults:3 | Bought 7 stones for 9 gold pieces
 60585 | Vaults:3 | Bought 6 stones for 7 gold pieces
 61306 | Vaults:3 | Reached XP level 22. HP: 175/176 MP: 33/41
 61991 | Vaults:4 | Learned a level 6 spell: Iron Shot
 62726 | Vaults:4 | Found a runed translucent door.
 62726 | Vaults:4 | Noticed Yjimoseergh's ghost (adept SpFE)
 62737 | Vaults:4 | Killed Yjimoseergh's ghost
 62828 | Vaults:4 | Reached skill level 17 in Maces & Flails
 63197 | Vaults:4 | Noticed Margery
 63208 | Vaults:4 | Killed Margery
 63422 | Vaults:4 | Paralysed by a floating eye for 4 turns
 64372 | Vaults:4 | jfcaron: ??order
 64372 | Vaults:4 | beem: hyperelliptic[1/2]: D:11 -> Lair -> D:12 -> Orc ->
                  | D:15 -> S:3 -> maybe other S:3 -> get both S runes -> maybe
                  | Elf (but not the Elf:3 vault) -> Vaults:4 -> maybe Crypt ->
                  | Depths:4 -> Vaults:5 -> maybe Slime -> Zot ("S" means
                  | Shoals/Snake/Spider/Swamp)
 64761 | Vaults:2 | Learned a level 5 spell: Summon Mana Viper
 64762 | Crypt:1  | Entered Level 1 of the Crypt
 65875 | Crypt:2  | Reached XP level 23. HP: 184/184 MP: 31/42
 66644 | Crypt:2  | Learned a level 6 spell: Plasma Beam
 66707 | Crypt:2  | Noticed Vv
 66727 | Crypt:2  | Killed Vv
 66852 | Crypt:2  | Found a transporter.
 66967 | Crypt:2  | Found a transporter.
 67104 | Crypt:2  | Noticed an ancient lich
 67109 | Crypt:2  | Noticed a dread lich
 67119 | Crypt:2  | Killed a dread lich
 67120 | Crypt:2  | Reached skill level 18 in Maces & Flails
 67120 | Crypt:2  | Gained mutation: You sometimes lose your temper in combat.
                  | [a cacodemon]
 67122 | Crypt:2  | Gained mutation: Armour fits poorly on your strangely
                  | shaped body. [a cacodemon]
 67518 | Crypt:2  | Killed an ancient lich
 67547 | Crypt:2  | HP: 16/175 [eidolon/bolt of negative energy (21)]
 67894 | Crypt:2  | Identified the ring of Pagafogo {rPois Will++}
 67917 | Crypt:2  | Identified the ring of the Prince {rC- Str+6 Slay+5}
 68189 | D:11     | Lost mutation: You sometimes lose your temper in combat.
                  | [potion of mutation]
 68189 | D:11     | Lost mutation: Armour fits poorly on your strangely shaped
                  | body. [potion of mutation]
 68189 | D:11     | Gained mutation: You are occasionally teleported next to
                  | monsters. [potion of mutation]
 68189 | D:11     | Gained mutation: You occasionally shout uncontrollably at
                  | your foes. [potion of mutation]
 68189 | D:11     | Gained mutation: You have supernaturally acute eyesight.
                  | (SInv) [potion of mutation]
 68189 | D:11     | Gained mutation: Your muscles are strong. (Str +4, Int/Dex
                  | -1) [potion of mutation]
 68190 | D:11     | Lost mutation: You have supernaturally acute eyesight.
                  | (SInv) [potion of mutation]
 68190 | D:11     | Lost mutation: You occasionally shout uncontrollably at
                  | your foes. [potion of mutation]
 68190 | D:11     | Gained mutation: You have hidden genetic potential. [potion
                  | of mutation]
 68190 | D:11     | Gained mutation: You possess an exceptional clarity of
                  | mind. [potion of mutation]
 68417 | Crypt:3  | Entered Level 3 of the Crypt
 68490 | Crypt:3  | Found a magical portal.
 68491 | Crypt:3  | Upgraded the game from 0.30.0-29-ga12c61a403 to
                  | 0.30.1-9-gdf580d7c3d
 68503 | WizLab   | Entered Tukima's Studio
 68699 | WizLab   | Identified the +6 hand crossbow of Parts Unknown {speed,
                  | Fragile MP-9 Dex+5}
 68705 | WizLab   | Noticed jfcaron's illusion
 69062 | WizLab   | Got Sif Muna's Dissertation on Imprecation
 69236 | WizLab   | Noticed jfcaron's illusion
 69307 | WizLab   | Noticed jfcaron's illusion
 69335 | WizLab   | Got the Meditations on the Jinx
 69447 | Crypt:3  | Identified the +6 chain mail of Theory {*Slow +Inv rF+ rN+}
 69841 | D:11     | Lost mutation: You have hidden genetic potential. [potion
                  | of mutation]
 69841 | D:11     | Lost mutation: Your muscles are strong. (Str +4, Int/Dex
                  | -1) [potion of mutation]
 69841 | D:11     | Lost mutation: You are occasionally teleported next to
                  | monsters. [potion of mutation]
 69841 | D:11     | Gained mutation: You are robust. (+10% HP) [potion of
                  | mutation]
 69841 | D:11     | Gained mutation: You are vulnerable to cold. (rC-) [potion
                  | of mutation]
 69841 | D:11     | Gained mutation: You are somewhat resistant to further
                  | mutation. [potion of mutation]
 70718 | Crypt:3  | Found a staircase to the Tomb.
 71355 | Crypt:3  | Identified the staff of air "Femits" {Fly rElec rC+ Int-5
                  | Stlth+}
 71528 | Crypt:3  | Reached XP level 24. HP: 207/212 MP: 24/43
 71760 | Crypt:3  | Noticed an ancient lich
 71773 | Crypt:3  | Killed an ancient lich
 72030 | Crypt:3  | Identified the staff of air "Aneck" {rElec Will++ Str-3}
 72037 | Crypt:3  | Identified the +10 shortbow "Demonbane" {flame, Contam
                  | Int+7}
 72074 | Crypt:3  | jfcaron: ??order
 72074 | Crypt:3  | beem: hyperelliptic[1/2]: D:11 -> Lair -> D:12 -> Orc ->
                  | D:15 -> S:3 -> maybe other S:3 -> get both S runes -> maybe
                  | Elf (but not the Elf:3 vault) -> Vaults:4 -> maybe Crypt ->
                  | Depths:4 -> Vaults:5 -> maybe Slime -> Zot ("S" means
                  | Shoals/Snake/Spider/Swamp)
 73365 | Depths:1 | Entered Level 1 of the Depths
 73477 | Depths:1 | Reached skill level 19 in Maces & Flails
 73721 | Depths:1 | Found an iron altar of Okawaru.
 73867 | Depths:1 | Found a gateway to Hell.
 73883 | Depths:1 | Noticed Bai Suzhen
 73900 | Depths:1 | Killed Bai Suzhen
 74507 | Depths:1 | Found a one-way gate leading to the halls of Pandemonium.
 74647 | Depths:1 | Learned a level 5 spell: Yara's Violent Unravelling
 74849 | Depths:2 | Found a one-way gateway to a ziggurat.
 75599 | Depths:2 | Found the +8 arc blade {discharge, rElec}
 75676 | Depths:2 | Identified the +4 short sword of the Voracious God {freeze,
                  | Drain Int+5}
 76590 | Depths:3 | Found a one-way gate to the infinite horrors of the Abyss.
 76590 | Depths:3 | Noticed Louise
 76607 | Depths:3 | Killed Louise
 76797 | Depths:3 | Found Dedyteuh's Elemental Accessories.
 76860 | Depths:3 | Noticed Xtahua
 76874 | Depths:3 | Killed Xtahua
 77036 | Depths:3 | Identified the +1 great sword "Voxkohush" {freeze, *Slow
                  | rF++ rC+ Stlth+}
 77737 | Depths:4 | Entered Level 4 of the Depths
 77937 | Depths:4 | Reached XP level 25. HP: 190/222 MP: 30/44
 78033 | Depths:4 | Reached skill level 20 in Maces & Flails
 78278 | Depths:4 | Noticed Sojobo
 78298 | Depths:4 | Killed Sojobo
 78637 | Depths:4 | Found a gate to the Realm of Zot.
 80175 | Vaults:5 | Entered Level 5 of the Vaults
 80413 | Vaults:5 | Reached skill level 15 in Conjurations
 80413 | Vaults:5 | Reached skill level 15 in Hexes
 80413 | Vaults:5 | Reached skill level 15 in Summonings
 80413 | Vaults:5 | Reached skill level 15 in Necromancy
 80413 | Vaults:5 | Reached skill level 15 in Translocations
 80413 | Vaults:5 | Reached skill level 15 in Transmutations
 80413 | Vaults:5 | Reached skill level 15 in Fire Magic
 80413 | Vaults:5 | Reached skill level 15 in Ice Magic
 80413 | Vaults:5 | Reached skill level 15 in Air Magic
 80413 | Vaults:5 | Reached skill level 15 in Earth Magic
 80413 | Vaults:5 | Reached skill level 15 in Poison Magic
 80822 | Vaults:5 | Identified the +1 spear "Fulagir" {freeze, Int+6}
 80826 | Vaults:5 | Identified the ring of Seyvvuzu {rPois MP-9 Str+3 Int+5
                  | SInv}
 80857 | Vaults:5 | Identified the staff of earth "Qoveda" {Fragile rN+ rCorr
                  | Int+3}
 80858 | Vaults:5 | Identified the staff of fire "Kiamy" {rF+ rN+ Stlth+}
 80869 | Vaults:5 | Got the Folio of Fumes and the Dragon
 80881 | Vaults:5 | Identified the +4 ring mail of Boecvamnu {Rampage Will++
                  | Int+3 Dex+2}
 80949 | Vaults:5 | Identified the +7 sling "Murmur" {speed, rElec}
 80952 | Vaults:5 | Identified the staff of fire "Xinabuc" {rF+ rC+ rN+}
 81144 | Vaults:5 | Noticed an ancient lich
 81152 | Vaults:5 | Killed an ancient lich
 81182 | Vaults:5 | Got a silver rune of Zot
 81905 | Vaults:5 | Identified the staff of death "Kudghushru" {rPois rN+ Str+2
                  | Dex-4}
 82763 | Orc:2    | Bought 2 scrolls of enchant armour for 225 gold pieces
 82921 | Vaults:1 | Bought a scroll of enchant armour for 120 gold pieces
 83239 | Zot:1    | Entered Level 1 of the Realm of Zot
 83519 | Zot:5    | Entered Level 5 of the Realm of Zot
 83609 | Zot:5    | Found an iron altar of Okawaru.
 83893 | Zot:5    | Reached skill level 21 in Maces & Flails
 84033 | Zot:5    | Reached XP level 26. HP: 232/232 MP: 44/44
 84035 | Zot:5    | Noticed an orb of fire
 84042 | Zot:5    | Noticed an orb of fire
 84043 | Zot:5    | Noticed an orb of fire
 84055 | Zot:5    | Noticed an orb of fire
 84055 | Zot:5    | Noticed a Killer Klown
 84055 | Zot:5    | Noticed an orb of fire
 84056 | Zot:5    | Noticed an ancient lich
 84064 | Zot:5    | Killed an ancient lich
 84065 | Zot:5    | Noticed an ancient lich
 84072 | Zot:5    | Killed a Killer Klown
 84080 | Zot:5    | Killed an ancient lich
 84080 | Zot:5    | Noticed a Killer Klown
 84093 | Zot:5    | Killed an orb of fire
 84095 | Zot:5    | Killed an ancient lich
 84102 | Zot:5    | Killed a Killer Klown
 84107 | Zot:5    | Noticed an orb of fire
 84121 | Zot:5    | Noticed a Killer Klown
 84127 | Zot:5    | Noticed an ancient lich
 84128 | Zot:5    | Killed an ancient lich
 84129 | Zot:5    | Noticed a dread lich
 84171 | Zot:5    | Killed an orb of fire
 84193 | Zot:5    | Killed a dread lich
 84214 | Zot:5    | Killed an orb of fire
 84218 | Zot:5    | Killed an ancient lich
 84362 | Zot:5    | Killed an orb of fire
 84367 | Zot:5    | Killed an orb of fire
 84426 | Zot:5    | Noticed a dread lich
 84428 | Zot:5    | Noticed a dread lich
 84444 | Zot:5    | Killed a dread lich
 84444 | Zot:5    | Killed a dread lich
 85411 | Zot:4    | Noticed an orb of fire
 86930 | Zot:2    | Noticed a Killer Klown
 87021 | Zot:2    | Found the +4 dragonskin cloak
 87021 | Zot:2    | Noticed Tiamat
 87042 | Zot:2    | HP: 34/234 [Tiamat/+2 bardiche of protection (59)]
 87046 | Zot:2    | Killed Tiamat
 87546 | Zot:2    | Found a runed translucent gate.
 87547 | Zot:2    | Found a runed translucent gate.
 87584 | Zot:2    | Found a runed translucent gate.
 87585 | Zot:2    | Noticed Atisk's ghost (master MfBe)
 87585 | Zot:2    | Identified the amulet "Yhonoigg" {Spirit Fragile rPois
                  | rF+++ Int-5}
 87589 | Zot:2    | Reached skill level 22 in Maces & Flails
 87674 | Zot:2    | Noticed a Killer Klown
 87699 | Zot:2    | Killed a Killer Klown
 87701 | Zot:2    | Noticed a Killer Klown
 87734 | Zot:2    | Killed a Killer Klown
 88128 | Zot:2    | Noticed an orb of fire
 88168 | Zot:2    | Identified the ring "Qomeeq" {rF- AC+4 Dex+5 SInv}
 88189 | Zot:2    | Reached XP level 27. HP: 212/238 MP: 1/45
 88225 | Zot:2    | Killed Atisk's ghost
 88328 | Zot:2    | Identified the +0 helmet "Gufaop" {rC+ Str+6}
 89311 | Zot:1    | Noticed an orb of fire
 89323 | Zot:1    | Identified the +1 falchion "Iseusut" {drain, *Noise rElec
                  | rF+++ rC-}
 91363 | Zot:5    | Got the Orb of Zot
 91369 | Zot:5    | Noticed Zokenap the pandemonium lord
 91476 | Zot:1    | Killed an orb of fire
 91596 | D:15     | Noticed Mutal the pandemonium lord
 91660 | D:11     | Noticed Wucoifeo the pandemonium lord
 91660 | D:11     | Noticed an ancient lich
 91792 | D:$      | Escaped with the Orb!

Illustrated notes

Levels and vault maps discovered:
D:1:      onia_arrival_zoo_common, layout_basic, due_unseen_surprise
D:2:      layout_basic, basic_altar, uniq_jessica, uniq_natasha,
          uniq_crazy_yiuf_cottage
D:3:      layout_loops_ring, palyth_stone_intersect, dk_noncrumbling_2,
          uniq_terence
D:4:      layout_loops_ring, gup_sewer_entry_glass
D:5:      layout_loops_cross, lemuel_tele_altar, kennysheep_generic_room_15,
          uniq_eustachio, uniq_grinder
D:6:      layout_loops_corners, lightli_temple_of_fire,
          nicolae_overflow_crystal_walls, uniq_sigmund
D:7:      layout_rooms, minmay_temple_entry_wispy, serial_shops,
          nicolae_shop_behind_doors, due_unseen_surprise
D:8:      layout_loops_ring, lemuel_coloured_pillars_altar,
          nicolae_uskayaw_suspiria, enter_bailey_2
D:9:      layout_gridville
D:10:     layout_cave_pods, mainiacjoe_overflow_catch_the_wave, serial_shops,
          nicolae_inconvenience_store, uniq_nergalle
D:11:     layout_irregular_city, dpeg_lair_monsters, orc_0_dummy, uniq_urug
D:12:     layout_small_grid, chequers_serial_rivers_small_3, uniq_sonja,
          uniq_frances
D:13:     layout_basic
D:14:     layout_roguey, david_vaults_5
D:15:     gammafunk_depths_entry_grave, layout_cave_pods,
          grunt_decor_resistance, special_room [special_room_orc],
          minmay_checkered_concentric_circles, uniq_kirke, uniq_rupert
Lair:1:   layout_cellular_growth, grunt_megastairs_4
Lair:2:   layout_chaotic_city, minmay_snake_entry_guardpost_small
Lair:3:   layout_gridlike, shoals_dummy_entry, special_room
          [special_room_mythical_zoo]
Lair:4:   layout_layer_cave
Lair:5:   hangedman_lair_tendril_chambers, layout_cave_pods,
          hangedman_lair_caniforms_friends, nicolae_slime_entry_slimehenge,
          uniq_josephine
Shoals:1: layout_shoals, uniq_nikola
Shoals:2: layout_shoals, yaktaur_hedge, uniq_ilsuiw, uniq_polyphemus
Shoals:3: layout_shoals, ebering_ghost_inner_flame
Shoals:4: shoals_end_grunt_ice, layout_shoals, lemuel_centaur_altar, uniq_donald
Snake:1:  layout_onion, basic_altar, uniq_aizul
Snake:2:  layout_chambers, nicolae_snake_guarding_the_ruins, uniq_asterion
Snake:3:  layout_honeycomb, uniq_jorgrun
Snake:4:  johnstein_snake_rune_scales, layout_chambers,
          nicolae_snake_single_loop, minmay_shop_grove
Orc:1:    dreamdust_dug_too_deep, layout_caves, gammafunk_ghost_arena,
          portal_ice_cave_entry_pillars_2, uniq_erolcha
Orc:2:    st_orc_mages, layout_caves, gammafunk_ghost_stat_death,
          minmay_orc_keep
Elf:1:    layout_loops_ring, hangedman_elf_disciples, minmay_misc_feat_five,
          minmay_shop_grid_forest, laboratory, uniq_zenata
Elf:2:    elven_hall_of_blades_hangedman_original
          [nicolae_blade_entry_hurt_lockers], layout_geoelf_diagonals
Elf:3:    minmay_elf_hall_statues, layout_gridlike, hangedman_decor_cross_pass
Vaults:1: v_rooms_5, vaults_dpeg_cross, nicolae_vaults_storage_closets_3,
          ontoclasm_vaults_ring_square, ontoclasm_vaults_gateway,
          grunt_vaults_diagonal, st_lines, nicolae_vaults_tetromino_T_2,
          nicolae_vaults_shelves_hall, vaults_dpeg_emergency_exit, v_misc_16,
          nicolae_vaults_triangles, nicolae_vaults_shelves_hall,
          layout_vaults_ring, serial_shops, nicolae_shop_window_shopping
Vaults:2: minmay_crypt_entry_simple_walls, nicolae_vaults_doubleplus_tesselated,
          nicolae_vaults_tetromino_T_1, nicolae_vaults_angled_halls,
          vaults_room_hallway, nicolae_vaults_alarming, layout_vaults_omnigrid,
          serial_shops, bzr_entry_road
Vaults:3: nicolae_vaults_oval_intersection, nicolae_vaults_little_squares_5,
          vaults_dpeg_encased_lava, v_rooms_2,
          nicolae_vaults_variable_pillar_hall, v_misc_14, v_pattern_5, v_misc_3,
          nicolae_vaults_trapezoid_2, hangedman_vaults_slither, serial_ice_m,
          nicolae_vaults_tangram_1, grunt_vaults_hallway_long,
          grunt_vaults_funnel, nicolae_vaults_heart-shaped_vault,
          nicolae_vaults_trapezoid_lopsided_1, layout_vaults_omnicross,
          serial_shops, shop
Vaults:4: gammafunk_ghost_grave, nicolae_vaults_two_Ls,
          nicolae_vaults_storage_closets_2, v_pattern_1, vaults_room_octagon,
          v_misc_30, nicolae_vaults_trapezoid_lopsided_4, v_misc_27,
          nicolae_vaults_closet_pinwheel_4, nicolae_vaults_surprise_closet,
          v_misc_13, v_misc_23, vaults_dpeg_spiral, layout_vaults_maze,
          uniq_margery
Vaults:5
Crypt:1:  layout_rooms, nicolae_crypt_cryptocurrency
Crypt:2:  gammafunk_dig_for_victory, layout_misc_corridors, uniq_vv
Crypt:3:  due_elkab, layout_chaotic_city, nicolae_tomb_entry_rubble_hallway,
          mu_enter_wizlab_7
Depths:1: layout_gridlike, nrook_mini_backslash, rand_demon_pan_entry_4,
          hell_entry, chequers_serial_rivers_large_b,
          small_chamber_with_monster, okawaru_ov_weapons_minmay,
          serial_bayou_shore_a, uniq_bai_suzhen
Depths:2: evilmike_diamond_1, layout_basic, enter_ziggurat_a,
          rand_demon_pan_entry_8, eino_curves_02, hell_entry,
          serial_bayou_shore_b, infiniplex_staircase_pillars_3a
Depths:3: lemuel_flame_loot_2, layout_small_grid,
          nicolae_abyss_entry_one_way_or_another, serial_sigils_hangedman_stare,
          pf_hell_entry_tar_spiral, nicolae_elemental_shop,
          minmay_misc_feat_columns, uniq_xtahua
Depths:4: grunt_twist_and_shout, layout_honeycomb, minmay_misc_feat_tower,
          abyss_entry_glasseish, hell_entry, uniq_sojobo
Zot:1:    layout_misc_corridors
Zot:2:    grunt_zot_stairs_mandelzot, layout_misc_corridors,
          gammafunk_ghost_tricky_traps, hangedman_hellfire_club, uniq_tiamat
Zot:3:    layout_misc_corridors
Zot:4:    layout_concentric_octagons
Zot:5:    layout_gridville, basic_altar

Skill      XL: |  1  2  3  4  5  6  7  8  9 10 11 12 13 14 15 16 17 18 19 20 21 22 23 24 25 26 27 |
---------------+----------------------------------------------------------------------------------+-----
Short Blades   | 1 2 3 4 5 6 7 8 9 10 11 12 13 14 15 16 17 18 | 18.9
Long Blades    | 1 2 3 4 5 6 7 8 9 10 11 12 13 14 15 16 17 18 | 18.9
Axes           | 1 2 3 4 5 6 7 8 9 10 11 12 13 14 15 16 17 18 | 18.9
Maces & Flails | 1 2 3 4 5 6 7 8 9 10 11 12 13 15 16 17 18 19 21 22 | 22.5
Polearms       | 1 2 3 4 5 6 7 8 9 10 11 12 13 14 15 16 17 18 | 18.9
Staves         | 1 2 3 4 5 6 7 8 9 10 11 12 13 14 15 16 17 18 | 18.9
Ranged Weapons | 1 2 3 4 5 6 7 8 9 10 11 12 13 14 15 16 17 18 | 18.9
Throwing       | 1 2 3 4 5 6 7 8 9 10 11 12 13 14 15 16 17 18 | 18.9
Shields        | 1 2 3 4 5 6 7 8 9 10 11 12 13 14 15 16 17 18 | 18.9
Unarmed Combat | 1 2 3 4 5 6 7 8 9 10 11 12 13 14 15 16 17 18 | 18.9
Spellcasting   | 1 2 3 4 5 6 7 8 9 10 11 12 13 14 15 16 17 18 | 18.9
Invocations    | 1 2 3 4 5 6 7 8 9 10 11 12 13 14 15 16 17 18 19 20 | 20.4
Conjurations   | 1 2 3 4 5 6 7 8 9 10 11 12 13 14 15 16 | 16.1
Hexes          | 1 2 3 4 5 6 7 8 9 10 11 12 13 14 15 16 | 16.1
Summonings     | 1 2 3 4 5 6 7 8 9 10 11 12 13 14 15 16 | 16.1
Necromancy     | 1 2 3 4 5 6 7 8 9 10 11 12 13 14 15 16 | 16.1
Translocations | 1 2 3 4 5 6 7 8 9 10 11 12 13 14 15 16 | 16.1
Transmutations | 1 2 3 4 5 6 7 8 9 10 11 12 13 14 15 16 | 16.1
Fire Magic     | 1 2 3 4 5 6 7 8 9 10 11 12 13 14 15 16 | 16.1
Ice Magic      | 1 2 3 4 5 6 7 8 9 10 11 12 13 14 15 16 | 16.1
Air Magic      | 1 2 3 4 5 6 7 8 9 10 11 12 13 14 15 16 | 16.1
Earth Magic    | 1 2 3 4 5 6 7 8 9 10 11 12 13 14 15 16 | 16.1
Poison Magic   | 1 2 3 4 5 6 7 8 9 10 11 12 13 14 15 16 | 16.1
Fighting       | 3 4 5 6 7 8 9 10 11 12 13 14 15 16 17 18 19 | 19.1
Dodging        | 3 4 5 6 7 8 9 10 11 12 13 14 15 16 17 18 19 | 19.1
Stealth        | 3 4 5 6 7 8 9 10 11 12 13 14 15 16 17 18 19 | 19.0
Armour         | 5 6 7 8 9 10 11 12 13 14 15 16 17 18 19 | 19.4
Evocations     | 7 8 9 10 11 12 13 14 15 16 17 18 19 | 19.8

Action                     |  1- 3 |  4- 6 |  7- 9 | 10-12 | 13-15 | 16-18 | 19-21 | 22-24 | 25-27 || total
---------------------------+-------+-------+-------+-------+-------+-------+-------+-------+-------++-------
  Melee: Club              |    24 |       |       |       |       |       |       |       |       ||    24
         Bite              |     3 |     6 |    24 |    61 |   107 |   181 |   162 |   273 |   140 ||   957
         Short sword       |     3 |       |    16 |       |       |       |       |       |       ||    19
         Lajatang          |    13 |   132 |   222 |   402 |   846 |   855 |       |       |       ||  2470
         Staff             |       |       |       |    84 |       |       |       |       |       ||    84
         Punch             |       |       |       |     6 |       |       |       |       |       ||     6
         Flail             |       |       |       |       |       |   154 |   376 |       |       ||   530
         Demon trident     |       |       |       |       |       |       |   798 |  1441 |   694 ||  2933
         Rapier            |       |       |       |       |       |       |       |     6 |       ||     6
         Cutlass           |       |       |       |       |       |       |       |       |    46 ||    46
   Fire: Sling             |    30 |     6 |       |       |       |       |       |       |       ||    36
  Throw: Stone             |       |    18 |    48 |    21 |   104 |    31 |   120 |       |       ||   342
         Javelin           |       |     2 |       |     3 |     5 |     8 |     5 |    32 |    55 ||   110
         Dart              |       |     9 |    15 |    15 |   110 |   180 |   227 |    35 |    17 ||   608
         Boomerang         |       |       |    55 |   215 |   139 |   195 |   368 |    80 |       ||  1052
         Throwing net      |       |       |       |       |       |     3 |       |       |       ||     3
   Cast: Apportation       |       |       |    17 |       |     6 |       |     8 |     7 |    39 ||    77
         Vhi's Electric Ch |       |       |       |       |    59 |   132 |    75 |    13 |    56 ||   335
         Summon Lightning  |       |       |       |       |    39 |    83 |    69 |    38 |     5 ||   234
         Manifold Assault  |       |       |       |       |    22 |    11 |    24 |    11 |     2 ||    70
         Freezing Cloud    |       |       |       |       |       |     2 |    38 |    58 |    11 ||   109
         Dispel Undead     |       |       |       |       |       |       |    11 |    61 |     6 ||    78
         Blink             |       |       |       |       |       |       |     3 |       |       ||     3
         Lee's Rapid Decon |       |       |       |       |       |       |    20 |    28 |     3 ||    51
         Iron Shot         |       |       |       |       |       |       |       |    49 |    25 ||    74
         Plasma Beam       |       |       |       |       |       |       |       |    13 |       ||    13
         Summon Mana Viper |       |       |       |       |       |       |       |     7 |     5 ||    12
         Yara's Violent Un |       |       |       |       |       |       |       |     2 |     5 ||     7
 Invoke: Bribe Branch      |       |       |       |       |       |       |       |       |     8 ||     8
  Evoke: Wand              |     3 |     4 |     6 |    11 |    44 |    43 |    79 |    29 |    37 ||   256
         Condenser vane    |       |       |       |       |     3 |     3 |     2 |     2 |     2 ||    12
         Phantom mirror    |       |       |       |       |     1 |     3 |     3 |     4 |     2 ||    13
         Lightning rod     |       |       |       |       |       |    12 |    14 |     5 |     4 ||    35
         Box of beasts     |       |       |       |       |       |     2 |     2 |     3 |       ||     7
    Use: Scroll            |       |    19 |     6 |     6 |    14 |     1 |     5 |     6 |    14 ||    71
         Potion            |       |       |     2 |     1 |     4 |       |     3 |    18 |     8 ||    36
   Stab: Sleeping          |       |    12 |     4 |     5 |     2 |     2 |     5 |    36 |     4 ||    70
         Distracted        |       |       |     1 |     2 |    16 |    25 |    31 |    61 |    41 ||   177
         Invisible         |       |       |     1 |     1 |     2 |     3 |       |     3 |     1 ||    11
         Held in net/web   |       |       |       |       |       |     3 |     1 |       |       ||     4
         Paralysed         |       |       |       |       |       |       |     2 |       |       ||     2
 Armour: Leather armour    |     8 |    42 |    19 |       |       |       |       |       |       ||    69
         Scale mail        |       |       |    70 |       |       |       |       |       |       ||    70
         Ring mail         |       |       |    14 |   192 |       |       |       |       |       ||   206
         Plate armour      |       |       |       |   118 |       |       |       |       |       ||   118
         Animal skin       |       |       |       |     2 |   194 |   237 |   128 |   104 |    66 ||   731
  Dodge: Dodged            |    36 |   100 |   153 |   338 |   629 |   696 |   497 |   648 |   306 ||  3403
  Block: Kite shield       |       |       |       |       |       |    97 |   566 |   125 |       ||   788
         Reflection        |       |       |       |       |       |    14 |   108 |     9 |       ||   131
         Tower shield      |       |       |       |       |       |       |       |   710 |   439 ||  1149

Table legend: (Time is in decaauts)
 A = Elapsed time spent in this place.
 B = Non-inter-level travel time spent in this place.
 C = Inter-level travel time spent in this place.
 D = Time resting spent in this place.
 E = Time spent auto-exploring this place.
 F = Levels seen in this place.
 G = Mean time per level.
                   A        B        C        D        E       F      G
               +--------+--------+--------+--------+--------+-----+--------+
         Total |  91056 |  75628 |  15428 |  14482 |  41292 |  55 | 1655.6 |
       Dungeon |  22000 |  17081 |   4919 |   2674 |  10610 |  15 | 1466.7 |
          Lair |   8397 |   6560 |   1837 |    821 |   4726 |   5 | 1679.4 |
        Shoals |   6379 |   5593 |    786 |    785 |   3049 |   4 | 1594.8 |
     Snake Pit |   8564 |   7642 |    922 |   1763 |   4412 |   4 | 2141.0 |
  Orcish Mines |   3958 |   3156 |    802 |    359 |   1710 |   2 | 1979.0 |
   Elven Halls |   5934 |   5030 |    904 |   1345 |   1963 |   3 | 1978.0 |
        Vaults |  11523 |   8810 |   2713 |   1479 |   4200 |   5 | 2304.6 |
         Crypt |   6072 |   5215 |    857 |   1372 |   2394 |   3 | 2024.0 |
        Depths |   7088 |   6184 |    904 |    953 |   3951 |   4 | 1772.0 |
           Zot |   7000 |   6219 |    781 |   1321 |   3360 |   5 | 1400.0 |
        Bazaar |    120 |    120 |      0 |      0 |     44 |   1 |  120.0 |
         Sewer |    456 |    456 |      0 |      0 |    265 |   1 |  456.0 |
        Bailey |   1039 |   1039 |      0 |    546 |     76 |   1 | 1039.0 |
      Ice Cave |   1681 |   1681 |      0 |    652 |    529 |   1 | 1681.0 |
        Wizlab |    841 |    841 |      0 |    407 |      0 |   1 |  841.0 |
               +--------+--------+--------+--------+--------+-----+--------+

Top non-repeatable levels by time:
    D:14: 3695 daAuts
 Snake:4: 2909 daAuts
Vaults:4: 2673 daAuts
Vaults:2: 2666 daAuts
  Lair:5: 2573 daAuts
 Crypt:3: 2552 daAuts
   Elf:3: 2527 daAuts
    D:11: 2460 daAuts
 Snake:2: 2393 daAuts
Vaults:1: 2351 daAuts
Depths:4: 2303 daAuts
   Orc:2: 2250 daAuts
 Crypt:2: 2063 daAuts
Vaults:3: 2059 daAuts
   Elf:2: 2050 daAuts

Table legend:
 A = Kills in this place as a percentage of kills in the entire game.
 B = Kills by you in this place as a percentage of kills by you in the entire game.
 C = Kills by friends in this place as a percentage of kills by friends in the entire game.
 D = Other kills in this place as a percentage of other kills in the entire game.
 E = Experience gained in this place as a percentage of experience gained in the entire game.
 F = Experience gained in this place divided by the number of levels of this place that you have seen.
                   A       B       C       D       E      F
               +-------+-------+-------+-------+-------+----------------------
         Total | 100.0 | 100.0 | 100.0 | 100.0 | 100.0 | 24233.5
       Dungeon |  18.9 |  20.1 |  10.3 |   5.7 |   7.5 | 6661.3
          Lair |   8.5 |   8.3 |  11.2 |   0.0 |   3.8 | 10237.4
        Shoals |   7.2 |   7.1 |   8.3 |   2.9 |   6.7 | 22265.2
     Snake Pit |   8.7 |   8.3 |  13.6 |   0.0 |   7.9 | 26465.8
  Orcish Mines |   5.2 |   5.7 |   2.1 |   2.9 |   1.5 | 10131.5
   Elven Halls |   6.7 |   6.9 |   5.4 |   2.9 |   8.1 | 36139.7
        Vaults |  15.1 |  15.1 |  11.6 |  34.3 |  20.6 | 54991.0
         Crypt |   8.2 |   8.9 |   2.9 |   0.0 |  10.5 | 46848.7
        Depths |   7.9 |   8.6 |   2.5 |   5.7 |  12.1 | 40359.5
           Zot |   8.6 |   5.3 |  31.0 |  45.7 |  18.7 | 49784.6
         Sewer |   0.8 |   0.9 |   0.0 |   0.0 |   0.0 |  90.0
        Bailey |   1.2 |   1.3 |   0.0 |   0.0 |   0.1 | 1189.0
      Ice Cave |   2.3 |   2.6 |   0.0 |   0.0 |   1.0 | 13818.0
        Wizlab |   0.9 |   0.8 |   1.2 |   0.0 |   1.3 | 17172.0
               +-------+-------+-------+-------+-------+----------------------

Levels and vault maps discovered:
D:1:      onia_arrival_zoo_common, layout_basic, due_unseen_surprise
D:2:      layout_basic, basic_altar, uniq_jessica, uniq_natasha,
          uniq_crazy_yiuf_cottage
D:3:      layout_loops_ring, palyth_stone_intersect, dk_noncrumbling_2,
          uniq_terence
D:4:      layout_loops_ring, gup_sewer_entry_glass
D:5:      layout_loops_cross, lemuel_tele_altar, kennysheep_generic_room_15,
          uniq_eustachio, uniq_grinder
D:6:      layout_loops_corners, lightli_temple_of_fire,
          nicolae_overflow_crystal_walls, uniq_sigmund
D:7:      layout_rooms, minmay_temple_entry_wispy, serial_shops,
          nicolae_shop_behind_doors, due_unseen_surprise
D:8:      layout_loops_ring, lemuel_coloured_pillars_altar,
          nicolae_uskayaw_suspiria, enter_bailey_2
D:9:      layout_gridville
D:10:     layout_cave_pods, mainiacjoe_overflow_catch_the_wave, serial_shops,
          nicolae_inconvenience_store, uniq_nergalle
D:11:     layout_irregular_city, dpeg_lair_monsters, orc_0_dummy, uniq_urug
D:12:     layout_small_grid, chequers_serial_rivers_small_3, uniq_sonja,
          uniq_frances
D:13:     layout_basic
D:14:     layout_roguey, david_vaults_5
D:15:     gammafunk_depths_entry_grave, layout_cave_pods,
          grunt_decor_resistance, special_room [special_room_orc],
          minmay_checkered_concentric_circles, uniq_kirke, uniq_rupert
Lair:1:   layout_cellular_growth, grunt_megastairs_4
Lair:2:   layout_chaotic_city, minmay_snake_entry_guardpost_small
Lair:3:   layout_gridlike, shoals_dummy_entry, special_room
          [special_room_mythical_zoo]
Lair:4:   layout_layer_cave
Lair:5:   hangedman_lair_tendril_chambers, layout_cave_pods,
          hangedman_lair_caniforms_friends, nicolae_slime_entry_slimehenge,
          uniq_josephine
Shoals:1: layout_shoals, uniq_nikola
Shoals:2: layout_shoals, yaktaur_hedge, uniq_ilsuiw, uniq_polyphemus
Shoals:3: layout_shoals, ebering_ghost_inner_flame
Shoals:4: shoals_end_grunt_ice, layout_shoals, lemuel_centaur_altar, uniq_donald
Snake:1:  layout_onion, basic_altar, uniq_aizul
Snake:2:  layout_chambers, nicolae_snake_guarding_the_ruins, uniq_asterion
Snake:3:  layout_honeycomb, uniq_jorgrun
Snake:4:  johnstein_snake_rune_scales, layout_chambers,
          nicolae_snake_single_loop, minmay_shop_grove
Orc:1:    dreamdust_dug_too_deep, layout_caves, gammafunk_ghost_arena,
          portal_ice_cave_entry_pillars_2, uniq_erolcha
Orc:2:    st_orc_mages, layout_caves, gammafunk_ghost_stat_death,
          minmay_orc_keep
Elf:1:    layout_loops_ring, hangedman_elf_disciples, minmay_misc_feat_five,
          minmay_shop_grid_forest, laboratory, uniq_zenata
Elf:2:    elven_hall_of_blades_hangedman_original
          [nicolae_blade_entry_hurt_lockers], layout_geoelf_diagonals
Elf:3:    minmay_elf_hall_statues, layout_gridlike, hangedman_decor_cross_pass
Vaults:1: v_rooms_5, vaults_dpeg_cross, nicolae_vaults_storage_closets_3,
          ontoclasm_vaults_ring_square, ontoclasm_vaults_gateway,
          grunt_vaults_diagonal, st_lines, nicolae_vaults_tetromino_T_2,
          nicolae_vaults_shelves_hall, vaults_dpeg_emergency_exit, v_misc_16,
          nicolae_vaults_triangles, nicolae_vaults_shelves_hall,
          layout_vaults_ring, serial_shops, nicolae_shop_window_shopping
Vaults:2: minmay_crypt_entry_simple_walls, nicolae_vaults_doubleplus_tesselated,
          nicolae_vaults_tetromino_T_1, nicolae_vaults_angled_halls,
          vaults_room_hallway, nicolae_vaults_alarming, layout_vaults_omnigrid,
          serial_shops, bzr_entry_road
Vaults:3: nicolae_vaults_oval_intersection, nicolae_vaults_little_squares_5,
          vaults_dpeg_encased_lava, v_rooms_2,
          nicolae_vaults_variable_pillar_hall, v_misc_14, v_pattern_5, v_misc_3,
          nicolae_vaults_trapezoid_2, hangedman_vaults_slither, serial_ice_m,
          nicolae_vaults_tangram_1, grunt_vaults_hallway_long,
          grunt_vaults_funnel, nicolae_vaults_heart-shaped_vault,
          nicolae_vaults_trapezoid_lopsided_1, layout_vaults_omnicross,
          serial_shops, shop
Vaults:4: gammafunk_ghost_grave, nicolae_vaults_two_Ls,
          nicolae_vaults_storage_closets_2, v_pattern_1, vaults_room_octagon,
          v_misc_30, nicolae_vaults_trapezoid_lopsided_4, v_misc_27,
          nicolae_vaults_closet_pinwheel_4, nicolae_vaults_surprise_closet,
          v_misc_13, v_misc_23, vaults_dpeg_spiral, layout_vaults_maze,
          uniq_margery
Vaults:5
Crypt:1:  layout_rooms, nicolae_crypt_cryptocurrency
Crypt:2:  gammafunk_dig_for_victory, layout_misc_corridors, uniq_vv
Crypt:3:  due_elkab, layout_chaotic_city, nicolae_tomb_entry_rubble_hallway,
          mu_enter_wizlab_7
Depths:1: layout_gridlike, nrook_mini_backslash, rand_demon_pan_entry_4,
          hell_entry, chequers_serial_rivers_large_b,
          small_chamber_with_monster, okawaru_ov_weapons_minmay,
          serial_bayou_shore_a, uniq_bai_suzhen
Depths:2: evilmike_diamond_1, layout_basic, enter_ziggurat_a,
          rand_demon_pan_entry_8, eino_curves_02, hell_entry,
          serial_bayou_shore_b, infiniplex_staircase_pillars_3a
Depths:3: lemuel_flame_loot_2, layout_small_grid,
          nicolae_abyss_entry_one_way_or_another, serial_sigils_hangedman_stare,
          pf_hell_entry_tar_spiral, nicolae_elemental_shop,
          minmay_misc_feat_columns, uniq_xtahua
Depths:4: grunt_twist_and_shout, layout_honeycomb, minmay_misc_feat_tower,
          abyss_entry_glasseish, hell_entry, uniq_sojobo
Zot:1:    layout_misc_corridors
Zot:2:    grunt_zot_stairs_mandelzot, layout_misc_corridors,
          gammafunk_ghost_tricky_traps, hangedman_hellfire_club, uniq_tiamat
Zot:3:    layout_misc_corridors
Zot:4:    layout_concentric_octagons
Zot:5:    layout_gridville, basic_altar
